 Dungeon Crawl Stone Soup version 0.25-a0-942-g87a53962fc (webtiles) character file.

Game seed: 9952230472273308365, levelgen mode: deterministic

852 HoaS the Ruffian (level 8, 0/52 HPs)
             Began as a Gargoyle Berserker on May 6, 2020.
             Was a Priest of Trog.
             Slain by a quokka (2 damage)
             ... on level 5 of the Dungeon.
             The game lasted 00:06:25 (3520 turns).

HoaS the Ruffian (Gargoyle Berserker)               Turns: 3520, Time: 00:06:26

Health: 0/52       AC:  2    Str: 24    XL:     8   Next: 1%
Magic:  8/8        EV: 10    Int:  7    God:    Trog [***...]
Gold:   166        SH:  0    Dex:  9    Spells: 7/7 levels left

rFire    . . .     SeeInvis .     - Unarmed
rCold    . . .     Gourm    .   (no shield)
rNeg     + . .     Faith    .   j - +0 scale mail
rPois    ∞         Spirit   .   g - +0 helmet
rElec    +         Reflect  .   (no cloak)
rCorr    .         Harm     .   (no gloves)
MR       .....                  i - +0 pair of boots
Stlth    ..........             (no amulet)
HPRegen  0.17/turn              (no ring)
MPRegen  0.11/turn              (no ring)

@: corroded
A: negative energy resistance 1, electricity resistance, unbreathing,
petrification resistance, rot immunity, AC +5
a: Berserk, Trog's Hand, Renounce Religion


You were on level 5 of the Dungeon.
You worshipped Trog.
Trog was most pleased with you.
You were not hungry.

You visited 1 branch of the dungeon, and saw 5 of its levels.

You collected 166 gold pieces.

Inventory:

Missiles
 y - 5 poisoned darts (quivered)
Armour
 g - a +0 helmet (worn)
 i - a +0 pair of boots (worn)
 j - a +0 scale mail (worn)
Jewellery
 d - an uncursed ring of stealth {unknown}
 q - an uncursed ring of see invisible {unknown}
 u - an uncursed ring of protection from fire {unknown}
Wands
 x - a wand of iceblast (13)
Scrolls
 e - 2 scrolls of identify {unknown}
 f - a scroll of immolation {unknown}
 k - 2 scrolls of remove curse {unknown}
 l - a scroll of magic mapping {unknown}
 n - 3 scrolls of enchant armour {unknown}
 p - 3 scrolls of teleportation {unknown}
 r - a scroll of blinking {unknown}
 s - 2 scrolls of amnesia {unknown}
 v - a scroll of noise {unknown}
 w - a scroll of fog {unknown}
 z - a scroll of enchant weapon {unknown}
Potions
 a - 3 potions of mutation {unknown}
 c - a potion of magic {unknown}
 h - a potion of cancellation {unknown}
 m - 2 potions of curing {unknown}
 t - a potion of heal wounds {unknown}
Comestibles
 b - 11 rations
 o - a chunk of flesh


   Skills:
 + Level 6.4 Fighting
 - Level 2.1 Armour
 - Level 1.5 Dodging
 * Level 7.8 Unarmed Combat


You had 7 spell levels left.
You didn't know any spells.
Your spell library was empty.

Dungeon Overview and Level Annotations

Branches:
Dungeon (5/15)
 Temple: D:4-7

Altars:
Fedhas
Hepliaklqana
Okawaru


Innate Abilities, Weirdness & Mutations

You are resistant to torment.
Your stone body is resilient. (AC +5)
You are immune to poison.
You resist negative energy. (rN+)
You are resistant to electric shocks. (rElec)
You can survive without breathing.
You are immune to petrification.
You are immune to rotting.


Message History

You hit the jelly but do no damage.
Your hands burn!
The jelly is severely wounded.
The quokka bites you but does no damage.
You hit the jelly. The acid corrodes you!
Your hands burn!
The jelly is severely wounded.
The quokka closely misses you. The jelly hits you but does no damage.
The quokka barely misses you.
You hit the jelly.
Your hands burn!
The jelly is almost dead.
The jelly hits you.
You are splashed with acid!
* * * LOW HITPOINT WARNING * * *
The quokka closely misses you.
You barely miss the jelly.
The jelly is almost dead.
The jelly hits you.
* * * LOW HITPOINT WARNING * * *
The acid corrodes you!
You are splashed with acid!
* * * LOW HITPOINT WARNING * * *
The quokka bites you.
You die...

#...........#.##...
+......#........... ##
#......#.##........
#..#......#)##........
.#..#.......)#####+#...
.................# ...
#####....$...........
......r..#.....#....#
......J@.............
.....................
...........>.........
...................#.
.....[...#.......#.#
.?.......#.......#
.........###....
....$....# ...


You could see a jelly and a quokka.

Vanquished Creatures
  Sigmund (D:4)
  An ice beast (D:5)
  2 ogres (D:4)
  A scorpion (D:4)
  2 crimson imps (D:4)
  An orc wizard (D:4)
  An orc priest (D:4)
  A centaur skeleton (D:4)
  An iguana (D:4)
  Ijyb (D:4)
  A worker ant (D:4)
  A hound skeleton (D:4)
  6 adders
  2 oozes
  2 worms
  A dart slug (D:2)
  A leopard gecko (D:1)
  7 orcs
  6 giant cockroaches
  6 goblins
  2 hobgoblins
  6 jackals (D:1)
  2 quokkas
  13 bats
  6 frilled lizards
  3 kobolds (D:1)
  A leopard gecko skeleton (D:4)
  3 rats (D:1)
81 creatures vanquished.

Notes
Turn   | Place    | Note
-------+----------+-------------------------------------------
     0 | D:1      | HoaS the Gargoyle Berserker began the quest for the Orb.
     0 | D:1      | Reached XP level 1. HP: 14/14 MP: 1/1
   211 | D:1      | Reached XP level 2. HP: 19/19 MP: 2/2
   638 | D:1      | Reached XP level 3. HP: 22/24 MP: 3/3
   759 | D:1      | Reached ** piety under Trog
  1162 | D:2      | Reached skill level 4 in Unarmed Combat
  1364 | D:2      | Reached XP level 4. HP: 23/29 MP: 4/4
  2195 | D:3      | Found a blossoming altar of Fedhas.
  2508 | D:4      | Reached XP level 5. HP: 34/34 MP: 5/5
  2519 | D:4      | Reached skill level 5 in Unarmed Combat
  2545 | D:4      | Found an iron altar of Okawaru.
  2562 | D:4      | Noticed an ogre
  2564 | D:4      | Noticed Ijyb
  2569 | D:4      | Killed an ogre
  2569 | D:4      | Reached skill level 5 in Fighting
  2569 | D:4      | Reached XP level 6. HP: 37/40 MP: 6/6
  2577 | D:4      | Killed Ijyb
  2783 | D:4      | Reached skill level 6 in Unarmed Combat
  2860 | D:4      | Reached XP level 7. HP: 44/44 MP: 7/7
  2866 | D:4      | Found a hazy altar of Hepliaklqana.
  2904 | D:4      | Noticed Sigmund
  2919 | D:4      | Killed Sigmund
  2919 | D:4      | Reached skill level 7 in Unarmed Combat
  3262 | D:4      | Reached *** piety under Trog
  3400 | D:5      | Entered Level 5 of the Dungeon
  3432 | D:5      | Reached XP level 8. HP: 46/52 MP: 8/8
  3520 | D:5      | HP: 2/52 [acid (9)]
  3520 | D:5      | Slain by a quokka

Levels and vault maps discovered:
D:1:      lemuel_arrival_broad_hall, layout_basic
D:2:      layout_basic, minmay_misc_feat_encased
D:3:      layout_basic, fedhas_altar_2, first_ration, guppyfry_early_lair_pool
D:4:      layout_basic, nicolae_overflow_crystal_walls, old_standard_altar,
          uniq_ijyb, uniq_sigmund
D:5:      layout_basic, uniq_pikel

Skill      XL: |  1  2  3  4  5  6  7 |
---------------+----------------------+-----
Unarmed Combat | 4 5 6 7 |  7.8
Fighting       | 4 5 6 |  6.4
Armour         | |  2.1
Dodging        | |  1.5

Action                   |  1- 3 |  4- 6 |  7- 9 || total
-------------------------+-------+-------+-------++-------
Melee: Unarmed           |   155 |   152 |    72 ||   379
       Punch             |     1 |     4 |     1 ||     6
Invok: Trog's Hand       |       |       |     1 ||     1
  Eat: Chunk             |     2 |     4 |     3 ||     9
Armor: Animal skin       |     5 |       |       ||     5
       Ring mail         |    20 |       |       ||    20
       Scale mail        |    61 |    79 |    28 ||   168
Dodge: Dodged            |   103 |    67 |    21 ||   191

Table legend:
 A = Non-vault XP
 B = Vault XP
 C = Vault XP percentage of total XP
 D = Non-vault monster count
 E = Vault monster count
 F = Vault count percentage of total count
                 A         B        C        D         E       F
            +---------+---------+-------+---------+---------+-------
      Total |     959 |     259 |  21.3 |      79 |       2 |   2.5
            +---------+---------+-------+---------+---------+-------
        D:1 |      45 |       0 |   0.0 |      26 |       0 |   0.0
        D:2 |      49 |       0 |   0.0 |      15 |       0 |   0.0
        D:3 |      53 |       0 |   0.0 |      14 |       0 |   0.0
        D:4 |     652 |     259 |  28.4 |      17 |       2 |  10.5
        D:5 |     160 |       0 |   0.0 |       7 |       0 |   0.0
            +---------+---------+-------+---------+---------+-------
